 Dungeon Crawl Stone Soup version 0.24.0-13-gcf9b319 (webtiles) character file.

Game seed: 10888977748383676671, levelgen mode: deterministic

108 Fang the Covered (level 4, -1/29 HPs)
             Began as a Gargoyle Fighter on Dec 19, 2019.
             Slain by a gnoll
             ... wielding a +0 spear
              (5 damage)
             ... on level 2 of the Dungeon.
             The game lasted 00:02:25 (1364 turns).

Fang the Covered (Gargoyle Fighter)                 Turns: 1364, Time: 00:02:25

Health: -1/29      AC: 10    Str: 26    XL:     4   Next: 87%
Magic:  4/4        EV:  7    Int:  8    God:
Gold:   91         SH: 10    Dex:  9    Spells: 3/3 levels left

rFire    . . .     SeeInvis .   a - +0 war axe
rCold    . . .     Gourm    .   B - +0 shield
rNeg     + . .     Faith    .   b - +0 scale mail
rPois    ∞         Spirit   .   (no helmet)
rElec    +         Reflect  .   (no cloak)
rCorr    .         Harm     .   (no gloves)
MR       .....                  (no boots)
Stlth    ..........             (no amulet)
HPRegen  0.09/turn              (no ring)
MPRegen  0.09/turn              (no ring)

@: mighty
A: negative energy resistance 1, electricity resistance, unbreathing,
petrification resistance, rot immunity, AC +3
a: no special abilities


You were on level 2 of the Dungeon.
You were hungry.

You visited 1 branch of the dungeon, and saw 2 of its levels.

You collected 91 gold pieces.

Inventory:

Hand Weapons
 a - a +0 war axe (weapon)
Armour
 b - a +0 scale mail (worn)
 B - a +0 shield (worn)
Wands
 h - a wand of polymorph (10)
Scrolls
 e - a scroll of fear
 f - a scroll of identify
Potions
 g - a potion of resistance
 j - 2 potions of curing {unknown}
Comestibles
 c - 4 rations


   Skills:
 + Level 4.1 Fighting
 + Level 2.6 Axes
 + Level 4.1 Armour
 + Level 4.1 Shields


You had 3 spell levels left.
You didn't know any spells.
Your spell library was empty.

Dungeon Overview and Level Annotations

Branches:
Dungeon (2/15)

Altars:


Innate Abilities, Weirdness & Mutations

You are resistant to torment.
Your stone body is resilient. (AC +3)
You are immune to poison.
You resist negative energy. (rN+)
You are resistant to electric shocks. (rElec)
You can survive without breathing.
You are immune to petrification.
You are immune to rotting.


Message History

You block the gnoll's attack.
You feel very mighty all of a sudden. The gnoll hits you but does no damage.
The gnoll hits you from afar with a +0 spear.
* * * LOW HITPOINT WARNING * * *
You block the gnoll's attack. The gnoll closely misses you.
You barely miss the gnoll.
The gnoll is moderately wounded.
You hit the gnoll but do no damage. You hit the gnoll.
You kill the gnoll!
You block the gnoll's attack. The gnoll barely misses you.
The gnoll misses you. The gnoll hits you but does no damage.
You slash the gnoll!
You kill the gnoll!
You slash the gnoll! The gnoll hits you with a +0 flail.
* * * LOW HITPOINT WARNING * * *
The gnoll hits you but does no damage.
You are too injured to fight recklessly!
You block the gnoll's attack. The gnoll hits you with a +0 spear.
You die...

##### ### .... ..#
#..# #.# #..# #.#
#.g# #.# #g@###.##
### #).##.#.##...#
#....###.....######
#..##.#.##........#
#..###.##########.#
..............(.#...
###..................
#...########.###...
##..# #.# ##..


You could see 2 gnolls.

Vanquished Creatures
  Jessica (D:2)
  Robin (D:2)
  2 gnolls (D:2)
  An adder (D:2)
  A worm (D:2)
  2 dart slugs (D:1)
  11 goblins
  4 hobgoblins
  2 jackals (D:1)
  3 bats
  A frilled lizard (D:2)
  6 kobolds
  A leopard gecko skeleton (D:2)
  3 rats
39 creatures vanquished.

Notes
Turn   | Place    | Note
-------+----------+-------------------------------------------
     0 | D:1      | Fang the Gargoyle Fighter began the quest for the Orb.
     0 | D:1      | Reached XP level 1. HP: 14/14 MP: 1/1
     3 | D:1      | Noticed an anaconda
     6 | D:1      | Noticed an elephant
   218 | D:1      | Reached XP level 2. HP: 19/19 MP: 2/2
  1036 | D:2      | Reached XP level 3. HP: 19/23 MP: 3/3
  1055 | D:2      | Noticed Robin
  1065 | D:2      | Killed Robin
  1076 | D:2      | Reached XP level 4. HP: 12/29 MP: 4/4
  1302 | D:2      | Noticed Jessica
  1305 | D:2      | Killed Jessica
  1364 | D:2      | Slain by a gnoll

Levels and vault maps discovered:
D:1:      sevenhm_arrival_forest_fort_small_2, layout_basic
D:2:      layout_loops_ring, first_ration, makhleb_blood_cavern_becter,
          uniq_robin, uniq_jessica

Skill      XL: |  1  2  3  4 |
---------------+-------------+-----
Axes           | 2 |  2.6
Fighting       | 4 |  4.1
Armour         | 4 |  4.1
Shields        | 4 |  4.1

Action                   |  1- 3 |  4- 6 || total
-------------------------+-------+-------++-------
Melee: War axe           |    79 |    28 ||   107
  Use: Scroll            |     3 |       ||     3
       Potion            |       |     1 ||     1
  Eat: Chunk             |     1 |       ||     1
Armor: Scale mail        |    55 |    35 ||    90
Dodge: Dodged            |    23 |    20 ||    43
Block: Shield            |    46 |    36 ||    82
